 Dungeon Crawl Stone Soup version 0.31.0-11-ge490571c62 (webtiles) character file.

Game seed: 754390805578743025

330 Sanktem7 the Chopper (level 6, 0/55 HPs)
             Began as a Minotaur Fighter on Feb 1, 2024.
             Slain by an orc
             ... wielding a +0 flail
              (3 damage)
             ... on level 4 of the Dungeon.
             The game lasted 00:05:22 (2470 turns).

Sanktem7 the Chopper (Minotaur Fighter)             Turns: 2470, Time: 00:05:22

Health: 0/55       AC:  7    Str: 22    XL:     6   Next: 26%
Magic:  5/5        EV:  9    Int:  5    God:
Gold:   157        SH:  4    Dex: 10    Spells: 5/5 levels left

rFire   . . .        a - +0 war axe
rCold   . . .        c - +0 buckler
rNeg    . . .        b - +0 scale mail
rPois   .            (helmet restricted)
rElec   .            (no cloak)
rCorr   .            (no gloves)
SInv    .            (no boots)
Will    .....        (no amulet) Stlth
                     (no ring)
HPRegen 0.29/turn    (no ring)
MPRegen 0.09/turn

%: no passive effects
@: no status effects
A: horns 2, retaliatory headbutt
a: no special abilities


You were on level 4 of the Dungeon.
You visited 1 branch of the dungeon, and saw 4 of its levels.

You collected 157 gold pieces.

Inventory:

Hand Weapons
 a - a +0 war axe (weapon)
Missiles
 n - 25 stones (quivered)
Armour
 b - a +0 scale mail (worn)
 c - a +0 buckler (worn)
Jewellery
 l - a ring of magical power
Scrolls
 h - 4 scrolls of identify {unknown}
 j - a scroll of amnesia {unknown}
 m - 2 scrolls of blinking {unknown}
 p - a scroll of enchant armour {unknown}
 q - a scroll of noise {unknown}
 r - a scroll of fog {unknown}
Potions
 d - a potion of might
 e - 2 potions of curing {unknown}
 f - 2 potions of attraction {unknown}
 g - a potion of resistance {unknown}
 i - 2 potions of invisibility {unknown}
 k - a potion of mutation {unknown}
 o - a potion of heal wounds {unknown}


   Skills:
 + Level 4.8 Fighting
 * Level 5.1 Axes
 + Level 1.9 Throwing
 + Level 4.7 Armour
 + Level 4.8 Shields


You had 5 spell levels left.
You didn't know any spells.
Your spell library contained the following spells:

 Spells                   Type           Power      Damage    Failure   Level
 Magic Dart               Conj           0%         1d3       85%         1
 Blink                    Tloc           0%         N/A       94%         2
 Call Imp                 Summ           0%         N/A       94%         2
 Cigotuvi's Dreadful Rot  Necr/Alch/Air  0%         N/A       94%         2
 Lesser Beckoning         Tloc           0%         N/A       94%         2
 Momentum Strike          Conj/Tloc      0%         3d8       94%         2
 Ignite Poison            Fire/Alch      0%         N/A       100%        4
 Freezing Cloud           Conj/Ice/Air   0%         6-21      100%        5


Dungeon Overview and Level Annotations

Branches:
Dungeon (4/15)
 Temple: D:4-7

Altars:
Qazlal

Shops:
D:1 ?   D:3 =

Annotations:
D:4 Menkaure


Innate Abilities, Weirdness & Mutations

You have a pair of horns on your head.
You reflexively headbutt those who attack you in melee.


Message History

* * * LOW HITPOINT WARNING * * *
The orc wizard hits you but does no damage.
You barely miss Edmund.
Edmund is almost dead.
You barely miss the orc. You hit the orc. You closely miss the orc wizard.
You block Edmund's attack. You block the orc wizard's attack.
The orc hits you with a +0 flail.
* * * LOW HITPOINT WARNING * * *
The orc barely misses you. You furiously retaliate!
You headbutt the orc.
Menkaure calls on the powers of darkness!
The quokka convulses!
The orc convulses!
Edmund convulses!
The orc wizard convulses!
The orc convulses!
Your body is wracked with pain!
* * * LOW HITPOINT WARNING * * *
You hit Edmund but do no damage.
Edmund is almost dead.
You barely miss the orc. You hit the orc but do no damage.
You closely miss the orc wizard. You block Edmund's attack.
The orc hits you but does no damage.
The orc wizard hits you but does no damage.
The orc hits you but does no damage. The orc completely misses you.
The orc wizard hits you with a +0 dagger.
* * * LOW HITPOINT WARNING * * *
The orc hits you but does no damage. Edmund barely misses you.
You hit Edmund.
You kill Edmund!
You hit the orc.
You kill the orc!
You slash the orc wizard!
You kill the orc wizard!
You closely miss the orc.
Menkaure gestures wildly while chanting.
Menkaure seems to speed up.
The orc barely misses you. The quokka closely misses you.
Your Axes skill increases to level 5!
You have reached level 6!
The orc attacks as it pursues you! The orc hits you but does no damage.
The quokka barely misses you. The orc attacks as it pursues you!
The orc hits you but does no damage. The orc attacks as it pursues you!
The orc hits you with a +0 flail.
You die...

....#.. #.
...... ##.
...... #..
..... #..##..#
#......##
#..))..##.#.
###M..)......
#<@r.†.##..##
#..o$......#
#............
#.............
#.........##.##
..#........# ##
..........?.#
#............


You could see Menkaure (fast), an orc and a quokka.

Vanquished Creatures
  Edmund (D:4)
  A scorpion (D:4)
  A bombardier beetle (D:3)
  An orc wizard (D:4)
  Robin (D:2)
  2 adders (D:3)
  2 dart slugs
  A ribbon worm (D:2)
  2 orcs
  7 ball pythons
  6 endoplasms
  A giant cockroach (D:1)
  8 hobgoblins
  7 kobolds
  A quokka (D:1)
  7 bats
  4 frilled lizards
  10 goblins
  6 rats
69 creatures vanquished.

Notes
Turn   | Place    | Note
-------+----------+-------------------------------------------
     0 | D:1      | Sanktem7 the Minotaur Fighter began the quest for the Orb.
     0 | D:1      | Reached XP level 1. HP: 19/19 MP: 0/0
     1 | D:1      | Noticed an electric eel
   139 | D:1      | Reached XP level 2. HP: 27/27 MP: 1/1
   225 | D:1      | Reached skill level 3 in Axes
   277 | D:1      | Found Yruemo Ecek's Magic Scroll Boutique.
   685 | D:2      | Found a faded altar of an unknown god.
  1005 | D:2      | Reached XP level 3. HP: 33/33 MP: 2/2
  1189 | D:2      | Noticed Robin
  1196 | D:2      | Killed Robin
  1307 | D:2      | Found a stormy altar of Qazlal.
  1587 | D:3      | Reached XP level 4. HP: 36/40 MP: 3/3
  1745 | D:3      | Found Woyq's Jewellery Emporium.
  1758 | D:3      | Reached skill level 4 in Axes
  1766 | D:3      | Reached skill level 1 in Throwing
  2453 | D:4      | Noticed Edmund
  2455 | D:4      | Noticed a scorpion
  2458 | D:4      | Reached XP level 5. HP: 47/47 MP: 4/4
  2460 | D:4      | Noticed Menkaure
  2466 | D:4      | HP: 1/47 [orc wizard/+0 dagger (2)]
  2467 | D:4      | Killed Edmund
  2468 | D:4      | Reached skill level 5 in Axes
  2468 | D:4      | Reached XP level 6. HP: 2/55 MP: 5/5
  2470 | D:4      | Slain by an orc

Illustrated notes

Levels and vault maps discovered:
D:1:      arrival_aquarium_a, layout_basic, serial_shops, nicolae_diamond_shop
D:2:      layout_basic, basic_altar, nicolae_ecumenical_oubliette, uniq_robin
D:3:      minmay_spotlight, layout_basic, serial_shops, shop,
          kennysheep_doodads, st_stairs_11, grunt_ministairs_2
D:4:      layout_cave_pools, minmay_temple_entry_drinking_statues, uniq_edmund,
          uniq_eustachio, uniq_menkaure

Skill      XL: |  1  2  3  4  5 |
---------------+----------------+-----
Axes           | 3 4 5 |  5.1
Shields        | 4 |  4.8
Fighting       | 4 |  4.8
Armour         | 4 |  4.7
Throwing       | 1 |  1.9

Action                     |  1- 3 |  4- 6 || total
---------------------------+-------+-------++-------
  Melee: War axe           |    81 |    38 ||   119
         Headbutt          |     6 |     8 ||    14
 Armour: Scale mail        |    53 |    33 ||    86
  Dodge: Dodged            |    51 |    18 ||    69
  Block: Buckler           |    26 |    13 ||    39
